 Dungeon Crawl Stone Soup version 0.23-a0-126-g19e28b46dc (webtiles) character file.

1801 Napalmbreeze the Destroyer (level 8, -2/45 HPs)
             Began as a Deep Elf Fire Elementalist on Aug 26, 2018.
             Was a Believer of Vehumet.
             Killed by divine providence
             ... invoked by an orc priest
              (9 damage)
             ... on level 6 of the Dungeon.
             The game lasted 00:27:22 (6583 turns).

Napalmbreeze the Destroyer (DEFE)                   Turns: 6583, Time: 00:27:23

Health: -2/45      AC:  5    Str: 14    XL:     8   Next: 83%
Magic:  12/22      EV: 13    Int: 23    God:    Vehumet [**....]
Gold:   255        SH:  0    Dex: 15    Spells: 6/23 levels left

rFire    . . .     SeeInvis .   v - +1 scimitar (slice)
rCold    . . .     Gourm    .   (no shield)
rNeg     . . .     Faith    .   a - +0 robe
rPois    .         Spirit   .   D - +0 helmet
rElec    .         Reflect  .   (no cloak)
rCorr    .         Harm     .   x - +1 pair of gloves
MR       .....                  (no boots)
Stlth    ++........             (no amulet)
HPRegen  0.15/turn              w - +4 ring of strength
MPRegen  0.18/turn              y - +5 ring of strength

@: no status effects
A: no striking features
a: Renounce Religion


You were on level 6 of the Dungeon.
You worshipped Vehumet.
Vehumet was pleased with you.
You were hungry.

You visited 1 branch of the dungeon, and saw 6 of its levels.

You collected 255 gold pieces.

Inventory:

Hand Weapons
 v - a +1 scimitar of slicing (weapon)
Armour
 a - a +0 robe (worn)
 x - a +1 pair of gloves (worn)
 D - a +0 helmet (worn)
Jewellery
 w - a +4 ring of strength (left hand)
 y - a +5 ring of strength (right hand)
Wands
 s - a wand of acid (11)
 z - a wand of iceblast (8)
 B - a wand of digging (9)
Scrolls
 d - 4 scrolls of remove curse
 e - a scroll of enchant armour
 f - 2 scrolls of identify
 l - 3 scrolls of fear
 m - 3 scrolls of teleportation
 n - 2 scrolls of fog
 q - a scroll of enchant weapon
 A - a scroll of amnesia
Potions
 b - 2 potions of curing {unknown}
 g - 2 potions of lignification {unknown}
 j - a potion of berserk rage {unknown}
 k - 2 potions of mutation {unknown}
 p - a potion of resistance {unknown}
 r - a potion of haste {unknown}
 t - 3 potions of degeneration {unknown}
 u - a potion of heal wounds
Comestibles
 c - 7 rations


   Skills:
 + Level 2.4 Fighting
 - Level 2.4 Dodging
 - Level 2.4 Stealth
 + Level 8.0 Spellcasting
 + Level 8.1 Conjurations
 + Level 7.1 Fire Magic


You had 6 spell levels left.
You knew the following spells:

 Your Spells              Type           Power        Failure   Level  Hunger
a - Flame Tongue          Conj/Fire      #####        1%          1    None
b - Blink                 Tloc           N/A          11%         2    None
d - Conjure Flame         Conj/Fire      #####...     1%          3    None
e - Fireball              Conj/Fire      #####.....   9%          5    #####..
f - Sticky Flame          Conj/Fire      #####...     3%          4    ###....
s - Throw Flame           Conj/Fire      #####.       1%          2    None

Your spell library contained the following spells:

 Spells                   Type           Power        Failure   Level  Hunger
 Shock                    Conj/Air       ####         1%          1    None
 Magic Dart               Conj           ####         1%          1    None
 Inner Flame              Hex/Fire       ####....     4%          3    None
 Mephitic Cloud           Conj/Pois/Air  ###.....     7%          3    None
 Call Imp                 Summ           #.......     11%         2    None
 Slow                     Hex            #.......     11%         2    None


Dungeon Overview and Level Annotations

Branches:
Dungeon (6/15)             Temple (0/1) D:5

Altars:
Makhleb
Uskayaw
Vehumet


Message History

The orc priest calls down the wrath of Beogh upon you.
Beogh smites you!
* * * LOW HITPOINT WARNING * * *
The orc priest looks encouraged for a moment.
Casting: Flame Tongue (safe; 1% risk of failure)
Confirm with . or Enter, or press ? or * to list all spells.
Aiming: Fireball (slightly dangerous; 9% risk of failure)
Press: ? - help, Shift-Dir - straight line, p - orc warrior The fireball explodes!
The fireball engulfs the orc warrior.
You kill the orc warrior!
Vehumet accepts your kill.
You feel your power returning.
Your Spellcasting skill increases to level 8!
Your Fire Magic skill increases to level 7!
The fireball engulfs the orc priest.
You kill the orc priest!
Vehumet accepts your kill.
The orc priest calls down the wrath of Beogh upon you.
Beogh smites you!
You die...

....................
.......................
........#...............
...................)<...
............(.......)...
.........###............
.....#...###....#.......
..............(.........
.......@....#...........
.......#....#...........
......)#....#...#.......
......)#....#...#....
....†).##...##### ...
......o #....# .......
#...... ....... #......


You could see an orc priest.

Vanquished Creatures
  Menkaure (D:5)
  Duvessa (D:5)
  3 orc warriors
  A sky beast (D:3)
  2 ogres
  A bullfrog (D:6)
  A gnoll sergeant (D:5)
  Dowan (D:5)
  3 wights (D:5)
  6 orc wizards
  6 orc priests
  Ijyb (D:5)
  2 iguanas
  A worker ant (D:5)
  2 hound skeletons (D:4)
  Robin (D:2)
  5 gnolls (D:5)
  6 adders
  A shadow imp (D:5)
  3 oozes
  An adder skeleton (D:4)
  3 worms
  2 dart slugs
  4 leopard geckos
  19 orcs
  5 bats
  6 giant cockroaches
  14 goblins
  5 hobgoblins
  5 kobolds
  4 quokkas
  A ball python (D:1)
  6 frilled lizards
  A jackal skeleton (D:6)
  10 rats
134 creatures vanquished.

Notes
Turn   | Place    | Note
-------+----------+-------------------------------------------
     0 | D:1      | Napalmbreeze the Deep Elf Fire Elementalist began the quest
                  | for the Orb.
     0 | D:1      | Reached XP level 1. HP: 10/10 MP: 6/6
   202 | D:1      | Reached XP level 2. HP: 15/15 MP: 6/8
   231 | D:1      | Learned a level 2 spell: Throw Flame
  1177 | D:2      | Reached XP level 3. HP: 19/19 MP: 1/10
  1291 | D:2      | Noticed Robin
  1308 | D:2      | Killed Robin
  1608 | D:2      | Reached XP level 4. HP: 24/24 MP: 8/11
  1761 | D:2      | Found a radiant altar of Vehumet.
  1786 | D:2      | Became a worshipper of Vehumet
  2017 | D:3      | Learned a level 3 spell: Conjure Flame
  2022 | D:3      | Learned a level 4 spell: Sticky Flame
  2421 | D:3      | Found a burning altar of Makhleb.
  2524 | D:3      | Reached XP level 5. HP: 28/28 MP: 4/13
  2762 | D:3      | Found a hide-covered altar of Uskayaw.
  2872 | D:4      | Reached * piety under Vehumet
  2872 | D:4      | Offered knowledge of Magic Dart by Vehumet.
  3059 | D:4      | Noticed a sky beast
  3084 | D:3      | Killed a sky beast
  3084 | D:3      | Reached XP level 6. HP: 20/32 MP: 8/15
  3390 | D:4      | Reached skill level 5 in Spellcasting
  3468 | D:4      | Noticed an orc warrior
  3476 | D:4      | Killed an orc warrior
  3476 | D:4      | Reached skill level 5 in Conjurations
  3478 | D:4      | Reached skill level 5 in Fire Magic
  3870 | D:4      | Reached XP level 7. HP: 36/36 MP: 11/17
  4366 | D:5      | Entered Level 5 of the Dungeon
  4384 | D:5      | Noticed Menkaure
  4388 | D:5      | Killed Menkaure
  4512 | D:5      | Offered knowledge of Shock by Vehumet.
  4706 | D:5      | Reached ** piety under Vehumet
  4920 | D:5      | Noticed Duvessa
  4920 | D:5      | Noticed Dowan
  4927 | D:5      | Killed Duvessa
  4946 | D:5      | Killed Dowan
  4946 | D:5      | Reached XP level 8. HP: 24/41 MP: 4/20
  5490 | D:5      | Found a staircase to the Ecumenical Temple.
  5570 | D:5      | Reached skill level 1 in Fighting
  5745 | D:5      | Noticed Ijyb
  5756 | D:5      | Killed Ijyb
  6190 | D:6      | Learned a level 5 spell: Fireball
  6566 | D:6      | Learned a level 2 spell: Blink
  6583 | D:6      | Killed from afar by an orc priest

Vault maps used:
D:1:      grunt_arrival_lava_bath
D:2:      old_standard_altar, first_ration, uniq_robin
D:3:      lemuel_doored_altar, lemuel_round_altar
D:5:      minmay_temple_entry_poolview, uniq_menkaure, uniq_ijyb, uniq_duvessa

Skill      XL: |  1  2  3  4  5  6  7  8 |
---------------+-------------------------+-----
Conjurations   | 2 3 4 5 7 8 |  8.1
Spellcasting   | 4 5 6 8 |  8.0
Fire Magic     | 4 5 6 7 |  7.1
Fighting       | 2 |  2.4
Dodging        | |  2.4
Stealth        | |  2.4

Action                   |  1- 3 |  4- 6 |  7- 9 || total
-------------------------+-------+-------+-------++-------
Melee: Short sword       |       |     3 |       ||     3
       Scimitar          |       |       |     1 ||     1
 Cast: Flame Tongue      |    49 |    77 |   120 ||   246
       Throw Flame       |    14 |    14 |    23 ||    51
       Conjure Flame     |       |     3 |     7 ||    10
       Sticky Flame      |       |     3 |    11 ||    14
       Fireball          |       |       |     1 ||     1
  Use: Scroll            |       |       |    10 ||    10
  Eat: Chunk             |     2 |     8 |     2 ||    12
       Ration            |       |       |     2 ||     2
Armor: Robe              |     2 |     2 |     7 ||    11
Dodge: Dodged            |     5 |    14 |    26 ||    45
       Rpst.: Scimitar   |       |       |     3 ||     3

Table legend:
 A = Non-vault XP
 B = Vault XP
 C = Vault XP percentage of total XP
 D = Non-vault monster count
 E = Vault monster count
 F = Vault count percentage of total count
                 A         B        C        D         E       F
            +---------+---------+-------+---------+---------+-------
      Total |    2105 |     469 |  18.2 |     118 |      16 |  11.9
            +---------+---------+-------+---------+---------+-------
        D:1 |      32 |       0 |   0.0 |      16 |       0 |   0.0
        D:2 |      57 |      33 |  36.7 |      17 |      11 |  39.3
        D:3 |     229 |       0 |   0.0 |      20 |       0 |   0.0
        D:4 |     477 |       2 |   0.4 |      25 |       1 |   3.8
        D:5 |     759 |     434 |  36.4 |      27 |       4 |  12.9
        D:6 |     551 |       0 |   0.0 |      13 |       0 |   0.0
            +---------+---------+-------+---------+---------+-------
